 Dungeon Crawl Stone Soup version 0.20.1-1-g8b1a95d66d (webtiles) character file.

116 Popi the Covered (level 5, 0/41 HPs)
             Began as a Human Fighter on Dec 18, 2017.
             Slain by Sigmund
             ... wielding a +1 scythe of pain
              (1 damage)
             ... on level 3 of the Dungeon.
             The game lasted 00:04:36 (1581 turns).

Popi the Covered (Human Fighter)                    Turns: 1581, Time: 00:04:37

Health: 0/41       AC: 17    Str: 17    XL:     5   Next: 21%
Magic:  5/5        EV:  5    Int:  9    God:
Gold:   99         SH:  0    Dex: 12    Spells: 4/4 levels left

rFire    . . .     SeeInvis .   a - +1 long sword
rCold    . . .     Gourm    .   (no shield)
rNeg     . . .     Faith    .   l - +0 plate armour
rPois    .         Spirit   .   (no helmet)
rElec    .         Reflect  .   e - +2 cloak
rCorr    .         Harm     .   (no gloves)
MR       .....                  m - +0 pair of boots
Stlth    ..........             (no amulet)
Regen    0.2/turn               (no ring)
MPRegen  0.1/turn               (no ring)

@: no status effects
A: no striking features
a: no special abilities


You were on level 3 of the Dungeon.
You were hungry.

You visited 1 branch of the dungeon, and saw 3 of its levels.

You collected 99 gold pieces.

Inventory:

Hand Weapons
 a - a +1 long sword (weapon)
Armour
 c - a +0 shield
 e - a +2 cloak (worn)
 l - a +0 plate armour (worn)
 m - a +0 pair of boots (worn)
 n - a +3 leather armour
Scrolls
 j - a scroll of magic mapping
Potions
 d - a potion of might
 g - 2 potions of resistance {unknown}
 h - a potion of curing {unknown}
 i - 2 potions of heal wounds {unknown}
 k - a potion of brilliance {unknown}
 r - a potion of magic {unknown}
Comestibles
 b - a royal jelly
 f - 2 bread rations


   Skills:
 - Level 3.0 Fighting
 - Level 2.0 Long Blades
 + Level 5.5 Armour
 - Level 3.0 Shields


You had 4 spell levels left.
You didn't know any spells.

Dungeon Overview and Level Annotations

Branches:
Dungeon (3/15)

Altars:
Cheibriados
Hepliaklqana
Nemelex Xobeh
Qazlal
Xom

Annotations:
D:3 Sigmund


Message History

You miss something.
Sigmund appears from thin air!
Reactivating autopickup.
Sigmund hits you but does no damage.
You closely miss Sigmund.
Sigmund is almost dead.
Sigmund casts a spell.
Sigmund flickers and vanishes!
Deactivating autopickup; reactivate with Ctrl-A.
You closely miss something. Something hits you.
You closely miss something. Something hits you but does no damage.
You closely miss something.
You hear some strange, mumbled words.
A puff of flame appears from out of thin air!
The puff of flame hits you!
* * * LOW HITPOINT WARNING * * *
You miss something. Something hits you!
* * * LOW HITPOINT WARNING * * *
Your plate armour prevents you from hitting something.
Something hits you.
You die...

..# ####.####
..# ####.####
#.......#
#.##.##.#
#.##.##.#
#.#..##.#
#.#.###.#
#.#.###.#
#.@{..$.#
.........#####
#.########


There were no monsters in sight!

Vanquished Creatures
  4 gnolls (D:3)
  An ooze (D:2)
  4 worms
  4 dart slugs
  2 leopard geckos
  3 orcs (D:3)
  8 goblins
  5 hobgoblins
  A ball python (D:1)
  9 bats
  2 frilled lizards
  8 kobolds
  2 rats
53 creatures vanquished.

Notes
Turn   | Place    | Note
-------+----------+-------------------------------------------
     0 | D:1      | Popi the Human Fighter began the quest for the Orb.
     0 | D:1      | Reached XP level 1. HP: 18/18 MP: 1/1
   139 | D:1      | Reached XP level 2. HP: 20/24 MP: 2/2
   554 | D:2      | Reached skill level 4 in Armour
   554 | D:2      | Reached XP level 3. HP: 25/29 MP: 3/3
   591 | D:2      | Found a sparkling altar of Nemelex Xobeh.
   591 | D:2      | Found a snail-covered altar of Cheibriados.
   628 | D:2      | Found a stormy altar of Qazlal.
   628 | D:2      | Found a shimmering altar of Xom.
   710 | D:2      | Found a hazy altar of Hepliaklqana.
   962 | D:2      | Reached XP level 4. HP: 35/35 MP: 4/4
  1217 | D:3      | Reached skill level 5 in Armour
  1264 | D:3      | Reached XP level 5. HP: 11/41 MP: 5/5
  1544 | D:3      | Noticed Sigmund
  1580 | D:3      | HP: 1/41 [something (8)]
  1581 | D:3      | Slain by Sigmund

Skill      XL: |  1  2  3  4 |
---------------+-------------+-----
Armour         | 4 5 |  5.5
Fighting       | |  3.0
Long Blades    | |  2.0
Shields        | |  3.0

Action                   |  1- 3 |  4- 6 || total
-------------------------+-------+-------++-------
Melee: Long sword        |   122 |    90 ||   212
  Use: Scroll            |     2 |     3 ||     5
  Eat: Chunk             |       |     2 ||     2
Armor: Scale mail        |    20 |       ||    20
       Plate armour      |   126 |    67 ||   193
Dodge: Dodged            |    59 |    23 ||    82
       Rpst.: Long sword |    18 |    10 ||    28
